AoeStats
← noobgamer

Black Forest

508874431Analyzed
4v4 RM · 8d ago on Sep 24, 2026· 36m 16s· 8 players
Game mode
Random Map
Map size
Large (8 player)
Population
200
Speed
Normal
Resources
Standard
Victory
Conquest
Starting age
Dark Age
Ending age
Imperial Age
RankedLock teamsTeams togetherTeam positionsShared explorationLock speedFull tech treeHidden civsTurbo modeCheats
Victory
Defeat
🇨🇳 Britons · China
981
+13
🇨🇳 Georgians · China
961
+14
🇨🇳 Japanese · China
951
+14
🇦🇷 Franks · Argentina
914
+15
🇵🇰 Chinese · Pakistan
964
-16
🇲🇦 Malay · Morocco
955
-16
🇹🇼 Khmer · Taiwan
888
-13
🇨🇳 Magyars · China
843
-11
津门酒仙1049
11:01 Feudal Age
noobgamer
0:27 Loom
13:38 Feudal Age
14:37 Double-Bit Axe
19:52 Castle Age
18:20 Fishing Lines
20:00 Stone Mining
21:11 Town Watch
22:04 Wheelbarrow
23:46 Fletching
23:54 Town Watch
25:19 Bodkin Arrow
27:26 Murder Holes
28:42 Scale Mail Armor
28:29 Treadmill Crane
30:47 Fortified Wall
30:29 Horse Collar
31:00 Squires
31:12 Pikeman
31:56 Gold Mining
32:40 Gillnets
32:53 Heavy Plow
37:20 Imperial Age
35:14 Forging
36:15 Hand Cart
36:20 Bow Saw
秦大大
0:27 Loom
14:28 Feudal Age
18:17 Castle Age
16:20 Double-Bit Axe
19:10 Horse Collar
19:42 Bow Saw
24:49 Heavy Plow
24:48 Stone Mining
30:45 Imperial Age
29:30 Forging
29:25 Scale Barding Armor
29:31 Forging
29:26 Scale Barding Armor
29:24 Gold Mining
30:03 Husbandry
30:14 Bloodlines
31:03 Elite Monaspa
35:09 Iron Casting
34:54 Chain Barding Armor
35:09 Iron Casting
34:57 Chain Barding Armor
贝贝
0:29 Loom
11:44 Feudal Age
17:13 Castle Age
24:52 Double-Bit Axe
24:53 Horse Collar
28:29 Bow Saw
31:07 Imperial Age
29:14 Gold Mining
29:29 Heavy Plow
31:25 Gold Shaft Mining
35:24 Forging
35:20 Scale Barding Armor
36:36 Wheelbarrow
35:47 Town Watch
36:12 Cavalier
36:54 Husbandry
不動游星
ZAKOTA | BRO
0:46 Loom
nyx
0:32 Loom
小菜机
10:50 Feudal Age
15:09 Castle Age
21:27 Double-Bit Axe
22:54 Bow Saw
22:54 Husbandry
23:02 Scale Barding Armor
23:16 Corvinian Army
24:13 Chain Barding Armor
24:41 Wheelbarrow
Connection lost

Rejoining the realm…

Still unreachable

The connection could not be restored.

Session expired

The server has moved on; the page needs a fresh start.